cohdb
Replays
Latest Replays
All Replays
Popular Replays
Top Player Replays
Match Explorer
How It Works
Community
CoH3 Stats
Reddit
Sign in to upload your games and track your stats! →
Sign in with Steam
Match 46740960
Unlisted
Match 46740960
Overview
Messages
Build Orders
End
Panzergrenadier Squad
Selects Panzerjäger Kommand Battlegroup
Selects Mine Fields
Panzergrenadier Squad
250 Light Carrier
Construct Light Support Kompanie
Combat Half-tracks
Fire Support Elements
Panzerjäger Squad
Flakvierling Half-track
Selects Defensive Positions
Vehicle Survival Package
Assault Mechanized Group
Selects Tank Busters
Construct Panzerarmee Kommand
Selects Crew Shock Tactics
Veteran Squad Leaders
Emergency Repair Kits
Walking Stuka Rocket Launcher
Assault Mechanized Group
mr.Brookerr
TheWolf
Boneless
Royal Annihilator
0
0
Comments
sign in to comment!
No comments posted yet!